 Dungeon Crawl Stone Soup version 0.20-a0-739-g6bb112f (webtiles) character file.

109 nono the Vexing (level 4, -1/21 HPs)
             Began as a Spriggan Enchanter on Feb 24, 2017.
             Slain by a gnoll
             ... wielding a +0 whip
              (8 damage)
             ... on level 5 of the Dungeon.
             The game lasted 00:14:09 (3804 turns).

nono the Vexing (Spriggan Enchanter)                Turns: 3804, Time: 00:14:10

Health: -1/21      AC:  4    Str:  4    XL:     4   Next: 60%
Magic:  1/9        EV: 20    Int: 17    God:
Gold:   188        SH:  0    Dex: 16    Spells: 2/8 levels left

rFire    . . .     SeeInvis +   j - -2 hand axe (curse)
rCold    . . .     Gourm    .   b - +1 robe
rNeg     . . .     Faith    .   (shield restricted)
rPois    .         Spirit   .   (helmet restricted)
rElec    .         Reflect  .   l - +0 cloak
rCorr    .         Harm     .   (gloves unavailable)
MR       .....                  (boots unavailable)
Stlth    ++++......             (no amulet)
Regen    0.1/turn               h - ring of see invisible
MPRegen  0.2/turn               i - ring of stealth

@: very quick
A: unfitting armour, see invisible, herbivore 3, speed 3, slow metabolism 2
a: no special abilities


You were on level 5 of the Dungeon.
You were not hungry.

You visited 1 branch of the dungeon, and saw 5 of its levels.

You collected 188 gold pieces.

Inventory:

Hand Weapons
 a - a +1 dagger
 j - a cursed -2 hand axe (weapon)
Missiles
 m - 12 sling bullets (quivered)
Armour
 b - a +1 robe (worn)
 l - a +0 cloak (worn)
Jewellery
 h - a ring of see invisible (right hand)
 i - a ring of stealth (left hand)
Scrolls
 e - 2 scrolls of teleportation
 n - a scroll of enchant weapon
 p - a scroll of magic mapping
 q - a scroll of identify
Potions
 f - 2 potions of resistance
 g - a potion of brilliance {unknown}
 k - a potion of agility {unknown}
 r - a potion of lignification {unknown}
Books
 c - a book of Maledictions

   Spells                             Type                      Level
   a - Corona                         Hexes                        1
   b - Ensorcelled Hibernation        Hexes/Ice                    2
   c - Confuse                        Hexes                        3
   d - Tukima's Dance                 Hexes                        3
   e - Dazzling Spray                 Conjuration/Hexes            3
Comestibles
 d - 3 bread rations
 o - a royal jelly


   Skills:
 - Level 1.1 Short Blades
 + Level 5.1 Dodging
 - Level 4.5 Stealth
 - Level 2.6 Spellcasting
 + Level 5.4 Hexes


You had 2 spell levels left.
You knew the following spells:

 Your Spells              Type           Power        Failure   Level  Hunger
a - Corona                Hex            ###....      1%          1    #......
b - Ensorcelled Hibernat  Hex/Ice        ##....       12%         2    ##.....
c - Confuse               Hex            ###.....     8%          3    ###....


Dungeon Overview and Level Annotations

Branches:
Dungeon (5/15)
 Temple: D:4-7

Altars:

Shops:
D:4 }

Portals:
Ossuary: D:4


Innate Abilities, Weirdness & Mutations

You are very small and have problems with some larger weapons.
You are too small for most types of armour.
You have supernaturally acute eyesight. (SInv)
You are a herbivore.
You cover ground extremely quickly.
You need consume almost no food.


Message History

The quasit closely misses the gnoll.
The quasit barely misses the gnoll.
The quasit claws the gnoll.
The quasit closely misses the gnoll.
The quasit barely misses the gnoll.
The quasit closely misses the gnoll.
You closely miss the gnoll.
The gnoll is severely wounded.
The gnoll completely misses you.
Casting: Confuse
Confirm with . or Enter, or press ? or * to list all spells.
Aiming: Ensorcelled Hibernation
Press: ? - help, Shift-Dir - straight line, f/p - gnoll
Aim: a gnoll, wielding a whip (severely wounded, chance to defeat MR: 50%)
The gnoll resists with some effort.
The gnoll hits you with a whip.
You hit the gnoll but do no damage.
The gnoll is severely wounded.
The gnoll barely misses you.
You closely miss the gnoll.
The gnoll is severely wounded.
The gnoll hits you with a whip!
You die...

.............#
#.g.#...#...###
..............#
#...#..5#...#.#
....g.........#
..####################.#
...........# ##.#
#######.##.##########..#
########
#.##..@g........##
#......#
#.#########.#####
#.####.# #.# #.# #.# #.#
#.# #.# ..# #.# #.# #.#
..####.# #.# #.#
..##...# #.# #.#
..##.### #.# #.# ..##.#
#.# #.#


You could see a gnoll.

Vanquished Creatures
  A worker ant (D:3)
  A hound skeleton (D:5)
  An adder (D:2)
  3 oozes
  A leopard gecko (D:4)
  2 orcs
  3 giant cockroaches
  5 goblins
  8 hobgoblins
  3 jackals (D:2)
  A ball python (D:3)
  9 bats
  6 frilled lizards
  3 kobolds
  5 rats
  A fungus (D:1)
53 creatures vanquished.

Notes
Turn   | Place    | Note
-------+----------+-------------------------------------------
     0 | D:1      | nono the Spriggan Enchanter began the quest for the Orb.
     0 | D:1      | Reached XP level 1. HP: 9/9 MP: 5/5
   222 | D:1      | Reached XP level 2. HP: 7/13 MP: 6/6
   226 | D:1      | Learned a level 2 spell: Ensorcelled Hibernation
  1288 | D:2      | Reached XP level 3. HP: 16/16 MP: 8/8
  1293 | D:2      | Learned a level 3 spell: Confuse
  2179 | D:2      | Reached skill level 5 in Hexes
  2715 | D:3      | Reached XP level 4. HP: 21/21 MP: 1/9
  3484 | D:4      | Found Zarixzi's Gadget Boutique.
  3499 | D:4      | Found a sand-covered staircase.
  3648 | D:5      | Entered Level 5 of the Dungeon
  3656 | D:4      | Noticed a bullfrog
  3735 | D:5      | Reached skill level 5 in Dodging
  3804 | D:5      | Slain by a gnoll

Vault maps used:
D:1:      nagdon_arrival_zigzag_paths, minmay_gold_behind_fungi,
          kennysheep_small_spiral
D:4:      kennysheep_kobold_camp, first_bread,
          lightli_ossuary_entry_decrepit_ruins, portal_sewer_entry_d,
          serial_shops, shop
D:5:      xom_teletrap_fun, lemuel_coloured_pillars_altar, uniq_menkaure

Skill      XL: |  1  2  3  4 |
---------------+-------------+-----
Hexes          | 4 5 |  5.4
Dodging        | 4 5 |  5.1
Short Blades   | |  1.1
Stealth        | |  4.5
Spellcasting   | |  2.6

Action                   |  1- 3 |  4- 6 || total
-------------------------+-------+-------++-------
Melee: Dagger            |   102 |       ||   102
       Hand axe          |   150 |    94 ||   244
 Cast: Corona            |     9 |     1 ||    10
       Ensorcelled Hiber |    13 |     3 ||    16
       Confuse           |    14 |    15 ||    29
  Use: Scroll            |     6 |       ||     6
       Potion            |       |     1 ||     1
 Stab: Sleeping          |    27 |     2 ||    29
       Distracted        |     1 |       ||     1
       Confused          |     6 |    10 ||    16
  Eat: Bread ration      |     1 |       ||     1
Armor: Robe              |    24 |     7 ||    31
Dodge: Dodged            |   254 |    97 ||   351
